 Dungeon Crawl Stone Soup version 0.30.1-3-gfc49f6343a (webtiles) character file.

Game seed: 12346745326601444952

17073 Cheops the Grappler (level 12, -17/122 HPs)
             Began as a Troll Fighter on July 26, 2023.
             Was a Believer of Wu Jian.
             Demolished by a tentacled starspawn (24 damage)
             ... on level 2 of the Abyss.
             The game lasted 00:38:11 (10458 turns).

Cheops the Grappler (Troll Fighter)                Turns: 10458, Time: 00:38:11

Health: -17/122    AC:  7    Str: 27    XL:     12   Next: 15%
Magic:  11/11      EV:  9    Int:  8    God:    Wu Jian [**....]
Gold:   661        SH: 15    Dex:  9    Spells: 11/11 levels left

rFire   . .          .
                       - Unarmed
rCold   . . .        B - +0 kite shield
rNeg    . . .        S - +0 troll leather armour
rPois   .            (helmet restricted)
rElec   .            q - +0 cloak
rCorr   .            (gloves unavailable)
SInv    .            (boots unavailable)
Will    +....        y - amulet of reflection
Stlth   +            R - ring of willpower
HPRegen 2.00/turn    (no ring)
MPRegen 0.12/turn

%: reflection
@: no status effects
A: large, unfitting armour, claws 3, regeneration 1, shaggy fur 1, tough skin 1
a: Renounce Religion, Wall Jump


You were on level 2 of the Abyss.
You worshipped Wu Jian.
Wu Jian was pleased with you.
You visited 2 branches of the dungeon, and saw 13 of its levels.
You visited the Abyss 1 time.

You collected 661 gold pieces.

Inventory:

Hand Weapons
 b - a +2 morningstar of flaming
 K - a +0 scimitar of flaming
Missiles
 r - 3 throwing nets (quivered)
Armour
 a - a +0 robe
 q - a +0 cloak (worn)
 A - +0 steam dragon scales
 B - a +0 kite shield (worn)
 M - a +1 robe of positive energy
 S - a +0 troll leather armour (worn)
Magical Staves
 c - a staff of poison
Jewellery
 y - an amulet of reflection (around neck)
 O - an amulet of the acrobat
 R - a ring of willpower (left claw)
Wands
 w - a wand of polymorph (6)
 D - a wand of mindburst (28)
 F - a wand of paralysis (8)
 H - a wand of flame (5)
 I - a wand of digging (1)
Scrolls
 i - 3 scrolls of magic mapping {unknown}
 j - 4 scrolls of blinking {unknown}
 k - 2 scrolls of summoning {unknown}
 l - 4 scrolls of teleportation
 o - 2 scrolls of noise {unknown}
 t - 3 scrolls of amnesia {unknown}
 v - 2 scrolls of immolation
 x - 2 scrolls of enchant armour {unknown}
 P - a scroll of poison
Potions
 d - 2 potions of attraction
 g - a potion of ambrosia
 h - 4 potions of degeneration {unknown}
 m - 3 potions of berserk rage {unknown}
 p - 3 potions of curing
 s - a potion of mutation
 z - a potion of cancellation
 C - a potion of brilliance
 G - 2 potions of magic
 J - a potion of invisibility {unknown}
 N - a potion of lignification {unknown}
 Q - a potion of flight {unknown}


   Skills:
 + Level 8.5 Fighting
 - Level 2.4 Dodging
 + Level 9.2 Shields
 * Level 14.9 Unarmed Combat


You had 11 spell levels left.
You didn't know any spells.
Your spell library contained the following spells:

 Spells                   Type           Power      Damage    Failure   Level
 Beastly Appendage        Tmut           0%         N/A       63%         1
 Sting                    Tmut/Pois      0%         1d3       63%         1
 Poisonous Vapours        Pois/Air       0%         N/A       77%         2
 Wereblood                Tmut           0%         N/A       77%         2
 Hailstorm                Conj/Ice       0%         3d3       94%         3
 Spider Form              Tmut/Pois      0%         N/A       94%         3
 Ice Form                 Ice/Tmut       0%         N/A       100%        4
 Olgreb's Toxic Radiance  Pois           0%         N/A       100%        4
 Simulacrum               Ice/Necr       0%         N/A       100%        6


Dungeon Overview and Level Annotations

Branches:
Dungeon (12/15)            Temple (1/1) D:4            Lair (0/5) D:10
    Orc (0/2) D:11

Altars:
Ashenzari
Dithmenos
Elyvilon
Fedhas
Gozag
Hepliaklqana
Kikubaaqudgha
Nemelex Xobeh
Okawaru
Qazlal
Ru
Sif Muna
Trog
Uskayaw
Vehumet
Wu Jian
Yredelemnul
Zin
The Shining One

Annotations:
D:6 3 runed translucent doors, BillyBaka's ghost, novice DjMo
D:10 !death yak pack
D:11 2 transporters
D:12 Erolcha; Lodul


Innate Abilities, Weirdness & Mutations

You are too large for most types of armour.
You have claws for hands.
Your natural rate of healing is unusually fast.
You are covered in fur. (AC +1)
You have tough skin. (AC +1)


Message History

The starspawn tentacle is lightly damaged.
You block the starspawn tentacle's attack.
You scratch the starspawn tentacle but do no damage.
The starspawn tentacle is lightly damaged.
The tentacled starspawn bites you!!
* * * LOW HITPOINT WARNING * * *
The tentacled starspawn tentacle-slaps you!
* * * LOW HITPOINT WARNING * * *
You mangle the starspawn tentacle!!
The starspawn tentacle is almost destroyed.
The starspawn tentacle grabs you. The starspawn tentacle constricts you.
The tentacled starspawn bites you!!
* * * LOW HITPOINT WARNING * * *
You block the tentacled starspawn's attack.
You feel much better. The starspawn tentacle constricts you.
The blink frog blinks!
A tentacle flies out from the starspawn's body!
A starspawn tentacle comes into view.
Okay, then.
You claw the starspawn tentacle!
You destroy the starspawn tentacle!
The tentacled starspawn bites you!!
* * * LOW HITPOINT WARNING * * *
You block the tentacled starspawn's attack.
You mangle the starspawn tentacle!!
The starspawn tentacle is almost destroyed.
The starspawn tentacle grabs you. The starspawn tentacle constricts you.
* * * LOW HITPOINT WARNING * * *
The tentacled starspawn bites you.
* * * LOW HITPOINT WARNING * * *
The tentacled starspawn tentacle-slaps you.
* * * LOW HITPOINT WARNING * * *
Unknown command.
You scratch the starspawn tentacle but do no damage.
The starspawn tentacle is almost destroyed.
The starspawn tentacle constricts you.
You claw the starspawn tentacle!
You destroy the starspawn tentacle!
The tentacled starspawn bites you!!
You die...

#.. .F ..
##. ##§
..###.###
#..#...
#...# ##
#..X##..#...
#.#F@.....#
#.#..#.#.#..
##.#.. #
#..##.. #.#
...# .. †###
## .# #.


You could see a tentacled starspawn and a blink frog.

Vanquished Creatures
  A rakshasa (Abyss:2)
  Erica (D:8)
  A two-headed ogre (D:11)
  A death yak (D:9)
  A thrashing horror (Abyss:2)
  A large abomination (Abyss:2)
  A deep elf pyromancer (D:11)
  A manticore (D:12)
  2 cyclopes
  An ugly thing (D:12)
  An unseen horror (D:10)
  Joseph (D:7)
  Maggie (D:6)
  A kobold demonologist (Abyss:2)
  2 trolls
  3 blink frogs (Abyss:2)
  Grinder (D:6)
  Sigmund (D:2)
  3 shadows
  A ynoxinul (Abyss:2)
  A vampire (D:10)
  A wyvern (D:9)
  A wraith (D:11)
  4 steam dragons
  14 yaks
  Menkaure (D:7)
  2 vampire mosquitoes (D:12)
  2 sky beasts
  6 orc warriors
  2 black bears (D:5)
  An ogre (D:9)
  2 centaurs
  A phantom (D:6)
  3 bullfrogs
  5 kobold brigands
  2 gnoll sergeants
  A scorpion (D:7)
  A small abomination (Abyss:2)
  19 wights
  21 killer bees
  A howler monkey (D:10)
  A quasit (Abyss:2)
  6 orc priests
  4 hounds
  8 jellies
  2 sleepcaps
  6 iguanas
  10 orc wizards
  5 adders
  10 gnolls
  A shadow imp (D:7)
  2 ufetubi
  2 worms (D:3)
  4 dart slugs
  43 orcs
  9 bats
  4 endoplasms
  2 giant cockroaches
  4 hobgoblins
  5 jackals
  4 quokkas
  6 ball pythons
  A frilled lizard (D:1)
  9 goblins
  23 kobolds
  8 rats
  3 starspawn tentacles (Abyss:2)
299 creatures vanquished.

Vanquished Creatures (others)
  A kobold (D:8)
  A starspawn tentacle (Abyss:2)
2 creatures vanquished.

Grand Total: 301 creatures vanquished

Notes
Turn   | Place    | Note
-------+----------+-------------------------------------------
     0 | D:1      | Cheops the Troll Fighter began the quest for the Orb.
     0 | D:1      | Reached XP level 1. HP: 22/22 MP: 0/0
    68 | D:1      | Reached XP level 2. HP: 29/29 MP: 1/1
   185 | D:1      | Reached skill level 3 in Unarmed Combat
   924 | D:2      | Reached XP level 3. HP: 36/36 MP: 2/2
  1228 | D:2      | Noticed Sigmund
  1236 | D:2      | Killed Sigmund
  1237 | D:2      | Reached skill level 5 in Unarmed Combat
  1237 | D:2      | Reached XP level 4. HP: 35/44 MP: 3/3
  1237 | D:2      | Reached XP level 5. HP: 40/50 MP: 4/4
  1320 | D:2      | You fall into a shaft and drop 1 floor!
  1478 | D:2      | Reached skill level 6 in Unarmed Combat
  2136 | D:3      | Found a faded altar of an unknown god.
  2206 | D:3      | Found a radiant altar of Vehumet.
  2427 | D:3      | Found a sparkling altar of Nemelex Xobeh.
  2542 | D:4      | Reached XP level 6. HP: 59/59 MP: 5/5
  2636 | D:4      | Found an opulent altar of Gozag.
  2862 | D:4      | Identified the +2 ring mail of Kikubaaqudgha {Rampage rC-
                  | Will+ Dex+3}
  3118 | D:4      | Found a staircase to the Ecumenical Temple.
  3323 | Temple   | Entered the Ecumenical Temple
  3543 | D:5      | Entered Level 5 of the Dungeon
  3700 | D:5      | Reached skill level 7 in Unarmed Combat
  3711 | D:5      | Found a white marble altar of Elyvilon.
  3812 | D:5      | Noticed an orc warrior
  3815 | D:5      | an orc warrior changed into a steam dragon
  3815 | D:5      | Noticed a steam dragon
  3858 | D:5      | Killed a steam dragon
  3859 | D:5      | Reached XP level 7. HP: 13/67 MP: 6/6
  3945 | D:5      | Found an ancient bone altar of Kikubaaqudgha.
  3974 | D:5      | Reached skill level 8 in Unarmed Combat
  4003 | D:5      | Reached XP level 8. HP: 62/76 MP: 7/7
  4134 | D:5      | Found a glowing silver altar of Zin.
  4238 | D:5      | Found a bloodstained altar of Trog.
  4362 | D:6      | Noticed a troll
  4363 | D:6      | Found a runed translucent gate.
  4364 | D:6      | Found a runed translucent gate.
  4364 | D:6      | Found a runed translucent gate.
  4366 | D:6      | Noticed BillyBaka's ghost (novice DjMo)
  4397 | D:6      | Noticed Maggie
  4430 | D:6      | Noticed Grinder
  4449 | D:6      | Killed Grinder
  4454 | D:6      | Reached skill level 9 in Unarmed Combat
  4792 | D:6      | Reached skill level 5 in Shields
  4877 | D:6      | Killed Maggie
  4878 | D:6      | Reached XP level 9. HP: 50/85 MP: 8/8
  5160 | D:7      | Noticed Menkaure
  5175 | D:6      | Reached skill level 10 in Unarmed Combat
  5372 | D:7      | Reached skill level 5 in Fighting
  5391 | D:7      | Killed Menkaure
  5673 | D:7      | Found a shadowy altar of Dithmenos.
  5673 | D:7      | Noticed Joseph
  5689 | D:7      | Killed Joseph
  5738 | D:7      | Found a basalt altar of Yredelemnul.
  5744 | D:7      | Found a glowing golden altar of the Shining One.
  5746 | D:7      | Noticed an angel
  5806 | D:7      | Reached skill level 11 in Unarmed Combat
  6276 | D:8      | Reached XP level 10. HP: 98/98 MP: 9/9
  6732 | D:8      | Noticed Erica
  6885 | D:8      | Killed Erica
  7314 | D:9      | Reached skill level 12 in Unarmed Combat
  7762 | D:9      | Found an ornate altar of the Wu Jian Council.
  8183 | D:9      | Became a worshipper of the Wu Jian Council
  8222 | D:10     | Entered Level 10 of the Dungeon
  8279 | D:10     | Noticed a death yak
  8279 | D:10     | Noticed a death yak
  8279 | D:10     | Noticed a death yak
  8279 | D:10     | Noticed a death yak
  8367 | D:10     | Reached XP level 11. HP: 97/109 MP: 10/10
  8417 | D:10     | Reached skill level 13 in Unarmed Combat
  8840 | D:10     | Found a staircase to the Lair.
  8842 | D:10     | Noticed a death yak
  8881 | D:10     | Noticed a death yak
  8908 | D:9      | Killed a death yak
  8908 | D:9      | Reached * piety under Wu Jian
  9085 | D:11     | Found a transporter.
  9088 | D:11     | Noticed an orc knight
  9112 | D:11     | Noticed a wizard
  9114 | D:11     | Noticed a boulder beetle
  9150 | D:11     | Found a transporter.
  9294 | D:11     | Found a bloodstained altar of Trog.
  9295 | D:11     | Noticed a two-headed ogre
  9311 | D:11     | Killed a two-headed ogre
  9391 | D:11     | Found a staircase to the Orcish Mines.
  9603 | D:11     | Noticed a deep elf pyromancer
  9610 | D:11     | Killed a deep elf pyromancer
  9611 | D:11     | Reached skill level 14 in Unarmed Combat
  9757 | D:11     | Noticed a flayed ghost
 10011 | D:12     | Noticed a green ugly thing
 10028 | D:12     | Killed a green ugly thing
 10079 | D:12     | Noticed Erolcha
 10079 | D:12     | Noticed Lodul
 10095 | Abyss:2  | Found a corrupted altar of Lugonu.
 10095 | Abyss:2  | Cast into level 2 of the Abyss (Erolcha)
 10152 | Abyss:2  | Noticed a thrashing horror
 10157 | Abyss:2  | Killed a thrashing horror
 10170 | Abyss:2  | Noticed a large abomination
 10179 | Abyss:2  | Killed a large abomination
 10180 | Abyss:2  | Reached XP level 12. HP: 49/120 MP: 11/11
 10256 | Abyss:2  | Noticed a rakshasa
 10267 | Abyss:2  | Killed a rakshasa
 10272 | Abyss:2  | Found a corrupted altar of Lugonu.
 10272 | Abyss:2  | Noticed a starcursed mass
 10400 | Abyss:2  | Noticed a starcursed mass
 10425 | Abyss:2  | Reached ** piety under Wu Jian
 10435 | Abyss:2  | Noticed a tentacled starspawn
 10456 | Abyss:2  | HP: 4/122 [tentacled starspawn (6)]
 10458 | Abyss:2  | Demolished by a tentacled starspawn

Illustrated notes

Levels and vault maps discovered:
D:1:      tarquinn_simple_flora_water_e, layout_basic, serial_park_tiny_2
D:2:      layout_basic, uniq_sigmund
D:3:      layout_rooms, lemuel_coloured_pillars_altar,
          mainiacjoe_overflow_chevrons, hellmonk_ecumenical_altar_blasted,
          grunt_ministairs_15, minmay_between
D:4:      layout_gridville, nicolae_gozag_seed_capital, temple_green,
          minmay_diced_spiral
D:5:      layout_rooms, zin_treasury, trog_ov_bears_minmay,
          nicolae_kikubaaqudgha_miasma_corner, elyvilon_altar_1
D:6:      layout_gridville, gammafunk_ghost_split, kennysheep_nondescript,
          uniq_grinder, uniq_maggie
D:7:      layout_cave_pools, grunt_temple_overflow_holy_war,
          grunt_dithmenos_smoke_and_mirrors, uniq_menkaure, uniq_joseph
D:8:      layout_loops_ring, uniq_erica
D:9:      layout_roguey [special_room_orc], marbit_many_paths
D:10:     layout_roguey, grunt_temple_overflow_champion_of_chaos,
          chei_slow_surprise, dpeg_lair_monsters, minmay_misc_feat_room
D:11:     gammafunk_the_bubble [the_bubble_gammafunk_plus_minus], layout_basic,
          orc_0_dummy, david_defended_altar_orc
D:12:     layout_loops_ring, nicolae_figureground_pulse, uniq_erolcha,
          uniq_lodul
Temple:   nicolae_temple_bog_church
Abyss:2:  base: D:4, evilmike_abyss_exit_15

Skill      XL: |  1  2  3  4  5  6  7  8  9 10 11 |
---------------+----------------------------------+-----
Unarmed Combat | 3 5 6 7 8 9 11 12 14 | 14.9
Shields        | 3 4 5 6 7 9 |  9.2
Fighting       | 3 4 5 7 8 |  8.5
Dodging        | |  2.4

Action                     |  1- 3 |  4- 6 |  7- 9 | 10-12 || total
---------------------------+-------+-------+-------+-------++-------
  Melee: Unarmed           |    90 |   139 |   252 |   525 ||  1006
Ability: Lunge             |       |       |       |    11 ||    11
         Whirlwind         |       |       |       |     4 ||     4
  Evoke: Wand              |       |     1 |       |       ||     1
    Use: Potion            |     1 |     1 |     3 |     1 ||     6
         Scroll            |       |     4 |     5 |     9 ||    18
   Stab: Sleeping          |       |       |     1 |     2 ||     3
 Armour: Robe              |    28 |    36 |    22 |       ||    86
         Steam dragon scal |       |       |    38 |    70 ||   108
         Troll leather arm |       |       |       |     8 ||     8
  Dodge: Dodged            |    33 |    32 |    56 |    79 ||   200
  Block: Kite shield       |    38 |    76 |   185 |   249 ||   548
         Reflection        |       |     3 |     3 |     6 ||    12
